 Dungeon Crawl Stone Soup version 0.18-a0-1773-gec4f98e (webtiles) character file.

2071 Ijustatesigmund the Grappler (level 9, -6/93 HPs)
             Began as a Troll Monk on Apr 14, 2016.
             Was a Priest of Cheibriados.
             Mangled by an orc warrior
             ... wielding a +0 halberd
              (10 damage)
             ... on level 6 of the Dungeon.
             The game lasted 00:12:00 (4860 turns).

Ijustatesigmund the Grappler (Troll Monk)           Turns: 4860, Time: 00:12:01

Health: -6/93      AC:  2    Str: 27    XL:     9   Next: 5%
Magic:  10/10      EV: 11    Int: 12    God:    Cheibriados [***...]
Gold:   326        SH:  0    Dex: 21    Spells: 0 memorised, 8 levels left

rFire  . . .     SeeInvis +       - Unarmed
rCold  . . .     Gourm    +     a - +1 robe
rNeg   . . .     Faith    .     (no shield)
rPois  .         Spirit   .     (helmet restricted)
rElec  .         Dismiss  .     (no cloak)
rCorr  .         Reflect  .     (gloves unavailable)
SustAt .         Harm     .     (boots unavailable)
MR     .....                    d - amulet of rage
Stlth  ++........               q - ring of see invisible
                                k - ring of wizardry

@: about to teleport, corroded, very slow, not resistant to hostile
enchantments, unstealthy
A: unfitting armour, claws 3, fast metabolism 3, gourmand, regeneration 2,
shaggy fur 1, tough skin 2
a: Bend Time, Temporal Distortion, Renounce Religion, Evoke Berserk Rage


You were on level 6 of the Dungeon.
You worshipped Cheibriados.
Cheibriados was most pleased with you.
You were completely stuffed.

You visited 1 branch of the dungeon, and saw 6 of its levels.

You collected 326 gold pieces.

Inventory:

Armour
 a - a +1 robe (worn)
Jewellery
 d - an amulet of rage (around neck)
 k - a ring of wizardry (left claw)
 q - a ring of see invisible (right claw)
Wands
 l - a wand of disintegration (10/24)
 n - a wand of flame (14/48)
Scrolls
 c - 6 scrolls of remove curse
 p - 2 scrolls of identify
 s - a scroll of fog {unknown}
Potions
 e - 3 potions of curing
 g - a potion of agility {unknown}
 h - a potion of might {unknown}
 i - 2 potions of lignification {unknown}
 j - a potion of cure mutation
 m - a potion of magic
 o - a potion of resistance {unknown}
 r - a potion of degeneration {unknown}
Comestibles
 b - 5 bread rations
 f - 4 slices of pizza
 t - a beef jerky
 v - 2 chunks of flesh


   Skills:
 + Level 7.3 Fighting
 - Level 2.4 Dodging
 - Level 1.1 Stealth
 + Level 9.0 Unarmed Combat
 + Level 2.7 Invocations


You had 8 spell levels left.
You didn't know any spells.

Dungeon Overview and Level Annotations

Branches:
Dungeon (6/15)             Temple (0/1) D:5

Altars:
Cheibriados
Dithmenos
Gozag
Kikubaaqudgha
Pakellas
Qazlal


Innate Abilities, Weirdness & Mutations

You are too large for most types of armour.
You have claws for hands.
Your metabolism is lightning-fast.
You like to eat raw meat.
You heal very quickly.
You are covered in fur (AC +1).
You have very tough skin (AC +2).


Message History

* * * LOW HITPOINT WARNING * * *
The orc barely misses you.
Drink which item? (? for menu, Esc to quit)
You feel better.
The orc warrior hits you from afar with a halberd!!
* * * LOW HITPOINT WARNING * * *
The orc hits you with a dagger.
* * * LOW HITPOINT WARNING * * *
The orc misses you. The orc closely misses you.
Read which item? (? for menu, Esc to quit)
As you read the scroll of teleportation, it crumbles to dust.
You feel strangely unstable. The orc closely misses you.
The orc priest looks braver for a moment.
The orc hits you with a dagger.
* * * LOW HITPOINT WARNING * * *
The orc warrior closely misses you. The orc misses you.
The orc priest invokes the aid of Beogh against you.
You struggle to resist.
The orc misses you. The giant frog barely misses you.
The orc warrior hits you from afar with a halberd!
You die...

..........[(..#####
.....).(.(.(......#
.........)....###...
..........<...#
..............##
#.....(........## ##
##..........##?.######...
#######.######.......%.#
#.. ##.@.o..##. ...#
#..Foo...# ##.
#...ooo....#
.(............#
##....../.......
...#..........##
####..........#
##......[.## #........#


You could see an orc warrior, a giant frog, an orc priest and 4 orcs.

Vanquished Creatures
  The ghost of ThereIsNoGod the Skirmisher, a novice DsFi (D:4)
  The ghost of grom234 the Skirmisher, an amateur FoAK of Lugonu (D:3)
  A sky beast (D:5)
  An ice beast (D:6)
  A centaur (D:6)
  A big kobold (D:5)
  3 giant frogs (D:6)
  Blork the orc (D:5)
  A scorpion (D:3)
  A howler monkey (D:5)
  A centaur zombie (D:5)
  A crimson imp (D:5)
  3 orc priests
  A centaur skeleton (D:5)
  A giant frog skeleton (D:5)
  3 hounds
  3 jellies
  2 iguanas (D:5)
  5 worker ants
  A hound zombie (D:6)
  Robin (D:2)
  4 gnolls (D:4)
  16 adders
  2 adder zombies (D:5)
  2 worms (D:2)
  A dart slug (D:2)
  3 giant geckos (D:4)
  12 orcs
  A bat zombie (D:5)
  3 giant cockroaches
  17 goblins
  8 hobgoblins
  7 jackals
  A quokka (D:4)
  4 ball pythons
  6 bats
  2 giant gecko zombies (D:5)
  A giant newt (D:1)
  15 kobolds
  4 rats
  2 rat zombies (D:5)
145 creatures vanquished.

Notes
Turn   | Place    | Note
--------------------------------------------------------------
     0 | D:1      | Ijustatesigmund the Troll Monk began the quest for the Orb.
     0 | D:1      | Reached XP level 1. HP: 22/22 MP: 0/0
   307 | D:1      | Reached XP level 2. HP: 28/29 MP: 1/1
   876 | D:2      | Reached XP level 3. HP: 30/37 MP: 2/2
   947 | D:2      | Found a shadowy altar of Dithmenos.
  1025 | D:2      | Reached XP level 4. HP: 42/45 MP: 3/3
  1143 | D:2      | Noticed Robin
  1157 | D:2      | Killed Robin
  1163 | D:2      | Reached skill level 5 in Unarmed Combat
  1958 | D:2      | You fall through a shaft!
  2084 | D:3      | Found a stormy altar of Qazlal.
  2093 | D:3      | Noticed grom234's ghost (amateur FoAK)
  2113 | D:3      | Killed grom234's ghost
  2113 | D:3      | Reached XP level 5. HP: 11/55 MP: 4/4
  2113 | D:3      | Reached XP level 6. HP: 13/63 MP: 5/5
  2418 | D:3      | Reached skill level 6 in Unarmed Combat
  2887 | D:4      | Noticed ThereIsNoGod's ghost (novice DsFi)
  2899 | D:4      | Killed ThereIsNoGod's ghost
  2899 | D:4      | Reached skill level 5 in Fighting
  2899 | D:4      | Reached skill level 7 in Unarmed Combat
  2899 | D:4      | Reached XP level 7. HP: 72/72 MP: 6/6
  3180 | D:4      | Found an opulent altar of Gozag.
  3746 | D:5      | Entered Level 5 of the Dungeon
  3820 | D:5      | Found an ancient bone altar of Kikubaaqudgha.
  3878 | D:5      | Reached XP level 8. HP: 83/83 MP: 7/7
  4036 | D:5      | Found an oddly glowing altar of Pakellas.
  4044 | D:5      | Found a snail-covered altar of Cheibriados.
  4084 | D:5      | Reached skill level 8 in Unarmed Combat
  4204 | D:5      | Noticed Blork the orc
  4211 | D:5      | Killed Blork the orc
  4326 | D:5      | Became a worshipper of Cheibriados the Contemplative
  4326 | D:5      | Reached * piety under Cheibriados
  4326 | D:5      | Reached ** piety under Cheibriados
  4561 | D:5      | Reached skill level 1 in Invocations
  4641 | D:5      | Found a staircase to the Ecumenical Temple.
  4849 | D:6      | Reached XP level 9. HP: 67/93 MP: 9/9
  4855 | D:6      | Reached *** piety under Cheibriados
  4855 | D:6      | Reached skill level 9 in Unarmed Combat
  4859 | D:6      | HP: 3/93 [orc/dagger (5)]
  4860 | D:6      | Mangled by an orc warrior

Vault maps used:
D:1:      elethiomel_arrival_maze
D:2:      kennysheep_goblin_castle, lemuel_crystal_altar, first_bread,
          serial_forest, infiniplex_forest_lined_room_,
          infiniplex_forest_clump_long, infiniplex_forest_fountain,
          infiniplex_forest_join, infiniplex_forest_clump_double,
          infiniplex_forest_clump_medium, infiniplex_forest_clump_long
D:3:      lemuel_crystal_altar, kennysheep_cross_room
D:4:      wad_lake_hut, marbit_many_paths
D:5:      lemuel_zombie_altar_kikubaaqudgha, amethyst_overflow_temple_binary,
          minmay_temple_entry_purple_smoke, uniq_blork_the_orc
D:6:      okawaru_altar_gauntlet_db, grunt_decor_fettered, uniq_pikel,
          uniq_sigmund

Skill      XL: |  1  2  3  4  5  6  7  8  9 |
---------------+----------------------------+-----
Fighting       | 3 4 5 6 7 |  7.3
Unarmed Combat | 5 7 8 9 |  9.0
Invocations    | 2 |  2.7
Dodging        | |  2.4
Stealth        | |  1.1

Action                   |  1- 3 |  4- 6 |  7- 9 || total
-------------------------+-------+-------+-------++-------
Melee: Unarmed           |    79 |   116 |   197 ||   392
       Punch             |     3 |     3 |    10 ||    16
 Abil: Evoke Berserk Rag |       |     1 |       ||     1
  Use: Scroll            |       |     6 |     3 ||     9
       Potion            |       |     1 |     1 ||     2
 Stab: Sleeping          |       |     2 |     6 ||     8
  Eat: Chunk             |    15 |    10 |    24 ||    49
Armor: Robe              |    21 |    33 |    55 ||   109
Dodge: Dodged            |    32 |    66 |   125 ||   223
